 Dungeon Crawl Stone Soup version 0.30-a0-936-ge0d47acfc0 (console) character file.

Game seed: 5541304801192314383

182 Ignak the Ogre Mage (level 5, -6/49 HPs)
             Began as an Ogre Hedge Wizard on Mar 24, 2023.
             Mangled by a gnoll
             ... wielding a +0 halberd
              (10 damage)
             ... on level 3 of the Dungeon.
             The game lasted 00:09:24 (2427 turns).

Ignak the Ogre Mage (Ogre Hedge Wizard)             Turns: 2427, Time: 00:09:26

Health: -6/49      AC:  4    Str: 14    XL:     5   Next: 62%
Magic:  4/11       EV: 10    Int: 17    God:
Gold:   150        SH:  0    Dex:  8    Spells: 4/12 levels left

rFire   . . .      SeeInvis .    l - +0 hand axe
rCold   . . .      Faith    .    (no shield)
rNeg    . . .      Spirit   .    b - +0 robe
rPois   .          Reflect  .    c - +1 hat
rElec   .          Rampage  .    (no cloak)
rCorr   .                        (gloves unavailable)
Will    .....                    (boots unavailable)
Stlth   +                        (no amulet)
HPRegen 0.28/turn                (no ring)
MPRegen 0.12/turn                (no ring)

@: no status effects
A: large, unfitting armour, tough skin 1
a: no special abilities


You were on level 3 of the Dungeon.
You visited 1 branch of the dungeon, and saw 3 of its levels.
You also visited: Sewer.

You collected 150 gold pieces.

Inventory:

Hand Weapons
 l - a +0 hand axe (weapon)
 o - a +1 short sword of holy wrath
Armour
 b - a +0 robe (worn)
 c - a +1 hat (worn)
 f - a +0 chain mail
Magical Staves
 e - a staff of poison
Scrolls
 d - a scroll of summoning {unknown}
Potions
 a - a potion of curing
 g - a potion of lignification {unknown}
 j - a potion of resistance {unknown}
 n - a potion of flight {unknown}
Miscellaneous
 h - a phantom mirror


   Skills:
 + Level 1.9 Fighting
 + Level 1.5 Axes
 + Level 0.5 Armour
 + Level 2.3 Dodging
 - Level 1.4 Stealth
 + Level 4.1 Spellcasting
 + Level 1.8 Conjurations
 - Level 0.8 Summonings
 + Level 1.6 Translocations
 + Level 1.1 Air Magic
 + Level 1.4 Poison Magic


You had 4 spell levels left.
You knew the following spells:

 Your Spells              Type           Power      Damage    Failure   Level
a - Magic Dart            Conj           36%        1d4       8%          1
b - Blink                 Tloc           18%        N/A       12%         2
d - Mephitic Cloud        Conj/Pois/Air  8%         N/A       26%         3
e - Call Imp              Summ           6%         N/A       17%         2

Your spell library contained the following spells:

 Spells                   Type           Power      Damage    Failure   Level
 Slow                     Hex            12%        N/A       16%         1
 Cigotuvi's Dreadful Rot  Necr/Pois/Air  12%        N/A       17%         2


Dungeon Overview and Level Annotations

Branches:
Dungeon (3/15)              Sewer (visited)

Altars:


Innate Abilities, Weirdness & Mutations

You are too large for most types of armour.
You have tough skin. (AC +1)


Message History

Unknown command.
You hit the gnoll.
The gnoll is moderately wounded.
The gnoll is engulfed in noxious fumes.
The gnoll appears confused.
The gnoll is engulfed in noxious fumes.
The gnoll appears confused.
The gnoll barely misses you.
You catch the helpless gnoll completely off-guard!
You hit the gnoll.
The gnoll is heavily wounded.
The gnoll is engulfed in noxious fumes.
The gnoll appears confused.
The gnoll is engulfed in noxious fumes.
The gnoll appears confused.
The gnoll is engulfed in noxious fumes.
The gnoll appears confused.
A gnoll comes into view. It is wielding a +0 spear.
The gnoll hits you with a +0 halberd!
You are too injured to fight recklessly!
Things that are here:
a +0 halberd; 2 gold pieces; a gnoll corpse You hit the gnoll.
The gnoll is heavily wounded.
The gnoll closely misses you.
Casting: Mephitic Cloud (dangerous; 26% risk of failure)
Confirm with . or Enter, or press ? or * to list all spells.
Aiming: Mephitic Cloud (dangerous; 26% risk of failure)
Press: ? - help, Shift-Dir - straight line, f/p - gnoll
Aim: a gnoll, wielding a +0 halberd (heavily wounded, confused, chance to affect: 91%)
The ball explodes into a vile cloud!
The stinking cloud engulfs the gnoll but does no damage.
The gnoll is heavily wounded.
The stinking cloud engulfs the gnoll but does no damage.
The gnoll is engulfed in noxious fumes.
The gnoll appears confused.
The gnoll is engulfed in noxious fumes.
The gnoll appears confused.
The gnoll is engulfed in noxious fumes.
The gnoll appears confused.
You hit the gnoll.
The gnoll is almost dead.
The gnoll is engulfed in noxious fumes.
The gnoll appears confused.
The gnoll hits you with a +0 halberd!
* * * LOW HITPOINT WARNING * * *
The gnoll is engulfed in noxious fumes.
The gnoll barely misses itself.
The gnoll hits you with a +0 halberd!
You die...

~..# #.#############.#
#....... ...###.# #.#
##.###### ...÷...# ...
#...# ######.#
###...##.# #.# # ####
#.#.# ######.# .# #.#.#
#......# ###.# #.#.#
#.###### #...# #.#.#
#.# #@# #.#.# #.# #g#
#)#.# #.# #.# #.#.#
#.#### #g# ####...###
#....# #○# #.........
####.#
#####)#######.########
##.## ##....#........
#...#####.g.##.########
#.###.#....#....#


You could see 2 gnolls.

Vanquished Creatures
  A bullfrog (Sewer)
  A gnoll (D:3)
  An adder (Sewer)
  An endoplasm (D:2)
  6 giant cockroaches
  2 hobgoblins
  A jackal (D:1)
  2 quokkas
  11 ball pythons
  7 frilled lizards
  8 goblins
  4 kobolds
  5 rats
50 creatures vanquished.

Vanquished Creatures (collateral kills)
  3 adders
  A ball python (D:2)
  An endoplasm (D:1)
  3 giant cockroaches (Sewer)
  3 hobgoblins
  A jackal (D:1)
  2 kobolds (D:2)
  A quokka (D:3)
  4 frilled lizards
  5 rats
24 creatures vanquished.

Grand Total: 74 creatures vanquished

Notes
Turn   | Place    | Note
-------+----------+-------------------------------------------
     0 | D:1      | Ignak the Ogre Hedge Wizard began the quest for the Orb.
     0 | D:1      | Reached XP level 1. HP: 16/16 MP: 5/5
   175 | D:1      | Reached skill level 1 in Conjurations
   175 | D:1      | Reached skill level 1 in Translocations
   265 | D:1      | Reached XP level 2. HP: 24/26 MP: 6/6
   268 | D:1      | Learned a level 2 spell: Blink
   271 | D:1      | Learned a level 2 spell: Call Imp
   559 | D:1      | Reached skill level 1 in Fighting
   559 | D:1      | Reached XP level 3. HP: 33/33 MP: 8/8
   802 | D:2      | Identified the +0 leather armour of Jigsaw {rPois rF- MP+9
                  | Dex+4}
  1396 | D:2      | Reached skill level 1 in Axes
  1401 | D:2      | Learned a level 3 spell: Mephitic Cloud
  1586 | D:2      | Reached skill level 1 in Poison Magic
  1586 | D:2      | Reached XP level 4. HP: 4/41 MP: 1/9
  1869 | D:3      | Found a glowing drain.
  1896 | Sewer    | Entered a sewer
  1995 | Sewer    | Reached skill level 4 in Spellcasting
  2146 | Sewer    | Noticed a bullfrog
  2149 | Sewer    | Noticed a bullfrog
  2161 | Sewer    | HP: 2/41 [bullfrog (3)]
  2186 | Sewer    | Killed a bullfrog
  2187 | Sewer    | Reached skill level 1 in Air Magic
  2187 | Sewer    | Reached XP level 5. HP: 8/49 MP: 5/11
  2427 | D:3      | Mangled by a gnoll

Illustrated notes

Levels and vault maps discovered:
D:1:      scummos_arrival_simple_fountains, layout_rooms, glass_columns_c
D:2:      layout_basic, grunt_ministairs_15
D:3:      layout_loops_ring, lemuel_round_altar, portal_sewer_entry_b,
          minmay_misc_feat_diagonals

Skill      XL: |  1  2  3  4 |
---------------+-------------+-----
Conjurations   | 1 |  1.8
Translocations | 1 |  1.6
Fighting       | 1 |  1.9
Dodging        | 2 |  2.3
Axes           | 1 |  1.5
Poison Magic   | 1 |  1.4
Spellcasting   | 4 |  4.1
Air Magic      | 1 |  1.1
Armour         | |  0.5
Stealth        | |  1.4
Summonings     | |  0.8

Action                     |  1- 3 |  4- 6 || total
---------------------------+-------+-------++-------
  Melee: Mace              |    44 |       ||    44
         Hand axe          |    77 |    70 ||   147
         Punch             |     1 |       ||     1
   Cast: Magic Dart        |     3 |     6 ||     9
         Call Imp          |    12 |     8 ||    20
         Blink             |     1 |     4 ||     5
         Mephitic Cloud    |       |     7 ||     7
    Use: Scroll            |     7 |     1 ||     8
         Potion            |       |     4 ||     4
   Stab: Sleeping          |     1 |     1 ||     2
         Confused          |       |     2 ||     2
 Armour: Robe              |    38 |    31 ||    69
  Dodge: Dodged            |    78 |    49 ||   127

Table legend: (Time is in decaauts)
 A = Elapsed time spent in this place.
 B = Non-inter-level travel time spent in this place.
 C = Inter-level travel time spent in this place.
 D = Time resting spent in this place.
 E = Time spent auto-exploring this place.
 F = Levels seen in this place.
 G = Mean time per level.
                   A        B        C        D        E       F      G
               +--------+--------+--------+--------+--------+-----+--------+
         Total |   2486 |   2479 |      7 |    479 |    951 |   4 |  621.5 |
       Dungeon |   2139 |   2132 |      7 |    463 |    889 |   3 |  713.0 |
         Sewer |    346 |    346 |      0 |     16 |     62 |   1 |  346.0 |
               +--------+--------+--------+--------+--------+-----+--------+

Top non-repeatable levels by time:
     D:2: 1091 daAuts
     D:1: 673 daAuts
     D:3: 375 daAuts
   Sewer: 346 daAuts
